 Dungeon Crawl Stone Soup version 0.26.1 (webtiles) character file.

Game seed: 4163724987315938160

99 snek11 the Ogre Mage (level 4, 0/42 HPs)
             Began as an Ogre Hedge Wizard on Feb 6, 2021.
             Slain by an iguana (12 damage)
             ... on level 3 of the Dungeon.
             The game lasted 00:11:42 (4519 turns).

snek11 the Ogre Mage (Ogre Hedge Wizard)            Turns: 4519, Time: 00:11:43

Health: 0/42       AC:  3    Str: 14    XL:     4   Next: 72%
Magic:  1/11       EV: 10    Int: 16    God:
Gold:   145        SH:  0    Dex:  8    Spells: 3/13 levels left

rFire    . . .     SeeInvis .   i - +0 club
rCold    . . .     Faith    .   (no shield)
rNeg     . . .     Spirit   .   b - +0 robe
rPois    .         Reflect  .   c - +0 hat
rElec    .         Harm     .   (no cloak)
rCorr    .         Rampage  .   (gloves unavailable)
Will     .....                  (boots unavailable)
Stlth    +.........             (no amulet)
HPRegen  0.14/turn              (no ring)
MPRegen  0.12/turn              (no ring)

@: very slightly contaminated
A: large, unfitting armour, tough skin 1
a: no special abilities


You were on level 3 of the Dungeon.
You visited 1 branch of the dungeon, and saw 3 of its levels.

You collected 145 gold pieces.

Inventory:

Hand Weapons
 a - a +0 dagger
 i - a +0 club (weapon)
Armour
 b - a +0 robe (worn)
 c - a +0 hat (worn)
Scrolls
 d - 2 scrolls of amnesia {unknown}
 e - 3 scrolls of magic mapping {unknown}
 h - 2 scrolls of teleportation {unknown}
 j - a scroll of fog {unknown}
 k - a scroll of enchant armour {unknown}
Potions
 f - a potion of berserk rage {unknown}
 g - a potion of haste {unknown}
 l - a potion of ambrosia {unknown}


   Skills:
 + Level 2.1 Fighting
 - Level 0.7 Short Blades
 - Level 2.0 Dodging
 - Level 1.4 Stealth
 * Level 5.2 Spellcasting
 - Level 1.0 Conjurations
 - Level 0.8 Summonings
 - Level 0.8 Translocations


You had 3 spell levels left.
You knew the following spells:

 Your Spells              Type           Power        Failure   Level
a - Magic Dart            Conj           28%          10%         1
b - Call Imp              Summ           6%           16%         2
c - Blink                 Tloc           N/A          16%         2
d - Slow                  Hex            4%           22%         2
e - Conjure Flame         Conj/Fire      5%           36%         3

Your spell library contained the following spells:

 Spells                   Type           Power        Failure   Level
 Mephitic Cloud           Conj/Pois/Air  5%           36%         3


Dungeon Overview and Level Annotations

Branches:
Dungeon (3/15)

Altars:
Ashenzari


Innate Abilities, Weirdness & Mutations

You are too large for most types of armour.
You have tough skin. (AC +1)


Message History

Your crimson imp disappears in a puff of smoke!
Your magical contamination has completely faded away.
Casting: Blink (safe; 16% risk of failure)
Confirm with . or Enter, or press ? or * to list all spells.
You don't have enough magic to cast that spell.
The iguana hisses menacingly.
Casting: Blink (safe; 16% risk of failure)
Confirm with . or Enter, or press ? or * to list all spells.
You miscast Blink.
You are very lightly contaminated with residual magic.
Nothing appears to happen.
The iguana barely misses you. The leopard gecko closely misses you.
Your shadow imp disappears in a puff of smoke!
You barely miss the iguana. You hit the iguana.
The iguana is lightly wounded.
The leopard gecko bites you.
* * * LOW HITPOINT WARNING * * *
The iguana barely misses you. The iguana bites you!
You die...

≈≈≈≈≈≈≈≈..≈≈≈##..............≈≈≈≈
.≈≈≈≈≈≈≈..≈≈≈≈≈≈.....######≈≈≈≈≈≈
....≈≈≈≈..≈≈≈≈≈≈≈≈≈≈..)<≈≈≈≈≈≈≈≈≈
..#....≈..≈≈≈≈≈≈≈≈≈≈≈≈≈≈≈≈≈≈≈≈≈≈≈
..)....8..8≈≈≈≈≈≈≈≈≈≈≈≈≈≈≈≈≈≈≈≈..
.))....8..8...≈≈≈≈≈≈≈≈≈≈≈≈≈≈≈....
..).........#.....≈≈≈≈≈≈≈≈....#..
#...............#......##..####..
#..............l@....#..#.## #..
......###......l.....##.#.# #..
...#...##.##.........##...#####..
...#...##.##.........###..#...#..
...#......#####...............#..
..........................#...#..
.......................>#......
........................#.#....
#.....###........#........#....


You could see an iguana and a leopard gecko.

Vanquished Creatures
  An adder (D:2)
  2 adder skeletons (D:2)
  2 adder zombies (D:2)
  2 worms (D:2)
  2 dart slugs
  A leopard gecko (D:2)
  An orc (D:2)
  A bat skeleton (D:2)
  A bat zombie (D:2)
  2 giant cockroaches (D:1)
  9 goblins
  3 hobgoblins (D:1)
  3 jackals
  A ball python (D:1)
  5 bats
  3 frilled lizards
  5 kobolds
  3 rats
47 creatures vanquished.

Vanquished Creatures (collateral kills)
  2 adders (D:3)
  A worm (D:2)
  A bat zombie (D:2)
  3 jackals (D:3)
  A kobold (D:3)
8 creatures vanquished.

Grand Total: 55 creatures vanquished

Notes
Turn   | Place    | Note
-------+----------+-------------------------------------------
     0 | D:1      | snek11 the Ogre Hedge Wizard began the quest for the Orb.
     0 | D:1      | Reached XP level 1. HP: 16/16 MP: 5/5
   317 | D:1      | Reached skill level 4 in Spellcasting
   376 | D:1      | Reached XP level 2. HP: 24/24 MP: 5/7
   611 | D:1      | Found a broken altar of Ashenzari.
  1598 | D:2      | Reached skill level 1 in Conjurations
  1706 | D:2      | Reached XP level 3. HP: 27/31 MP: 3/8
  1752 | D:2      | Learned a level 2 spell: Call Imp
  1755 | D:2      | Learned a level 2 spell: Blink
  1758 | D:2      | Learned a level 2 spell: Slow
  1762 | D:2      | Learned a level 3 spell: Conjure Flame
  2347 | D:2      | Reached skill level 1 in Fighting
  2896 | D:2      | Reached XP level 4. HP: 39/41 MP: 6/10
  3436 | D:2      | Reached skill level 5 in Spellcasting
  4519 | D:3      | Slain by an iguana

Illustrated notes

Levels and vault maps discovered:
D:1:      evilmike_arrival_plus, layout_loops_ring, serial_bayou_pond_d,
          evilmike_ruin_ashenzari
D:2:      layout_basic, serial_undead, serial_undead_d, serial_undead_b,
          serial_undead_b, serial_undead_b, kennysheep_generic_room_11
D:3:      wander_river, layout_basic, nicolae_overflow_hidden_temple

Skill      XL: |  1  2  3  4 |
---------------+-------------+-----
Spellcasting   | 4 5 |  5.2
Dodging        | 2 |  2.0
Conjurations   | 1 |  1.0
Fighting       | 1 2 |  2.1
Short Blades   | |  0.7
Stealth        | |  1.4
Summonings     | |  0.8
Translocations | |  0.8

Action                   |  1- 3 |  4- 6 || total
-------------------------+-------+-------++-------
Melee: Dagger            |    44 |       ||    44
       Club              |    27 |    22 ||    49
 Cast: Magic Dart        |    84 |    36 ||   120
       Call Imp          |     3 |     8 ||    11
       Blink             |     1 |       ||     1
 Stab: Distracted        |       |     1 ||     1
Armor: Robe              |    55 |    13 ||    68
Dodge: Dodged            |    75 |    38 ||   113
